St.Louis Blues vs Los Angeles Kings
Created - Friday, September 6, 2024 at 07:41
Goals
|
| St.Louis Blues |
0 |
2 |
1 |
3 |
| Los Angeles Kings |
0 |
1 |
0 |
1 |
|
Shots
|
| St.Louis Blues |
10 |
15 |
9 |
34 |
| Los Angeles Kings |
17 |
18 |
5 |
40 |
|
1st period
No Goal
Penalties :
No Penalty
2nd period
1. St.Louis Blues , Elias Pettersson 6 (Jake Guentzel 13, Robert Thomas 9) at 4:01 (PP)
2. Los Angeles Kings , Ruslan Iskhakov 1 (Ryan Reaves 3) at 5:47
3. St.Louis Blues , Mark Stone 6 (Alex Tuch 5, Tage Thompson 5) at 10:09 (PP)
Penalties :
Michael Eyssimont (LAK) for Interference (Minor) at 3:54, Cooper Marody (LAK) for Delaying the game (Minor) at 8:59, Michael Eyssimont (LAK) for Tripping (Minor) at 10:54, Joshua Brown (LAK) for High sticking (Minor) at 14:22, K'Andre Miller (LAK) for Tripping (Minor) at 17:43
3rd period
4. St.Louis Blues , Jake Guentzel 4 (Mikhail Sergachev 2) at 17:32
Penalties :
Robert Thomas (STL) for Roughing (Minor) at 2:58
Goalie Stats
Connor Hellebuyck (STL), 39 saves from 40 shots - (0.975), W, 8-5-0, 60:00 minutes
Andrei Vasilevskiy (LAK), 31 saves from 34 shots - (0.912), L, 4-5-2, 60:00 minutes
Players Stats for St.Louis Blues
Player Name G A P +/- PIM S H SB GA TA FO MP PP MP PK MP
------------------------------------------------------------------------------------
Adam Pelech 0 0 0 1 0 0 1 0 0 0 0/0 11:32 0:00 0:00
Alex Tuch 0 1 1 0 0 1 0 0 1 0 0/1 13:00 2:54 0:00
Colin Blackwell 0 0 0 0 0 2 0 0 0 0 0/0 7:42 0:00 0:08
Colton Parayko 0 0 0 0 0 2 0 1 0 2 0/0 25:19 2:54 1:07
Dakota Joshua 0 0 0 0 0 1 1 0 0 0 0/0 10:06 0:00 0:00
Elias Lindholm 0 0 0 1 0 1 0 0 0 0 8/13 17:28 3:20 0:50
Elias Pettersson 1 0 1 -1 0 4 3 0 0 1 1/1 23:40 3:54 0:00
Jaccob Slavin 0 0 0 -1 0 1 0 2 0 1 0/0 18:19 0:00 0:02
Jake Guentzel 1 1 2 1 0 3 1 0 1 1 1/2 17:40 3:54 0:08
Jake Sanderson 0 0 0 -1 0 4 1 1 0 1 0/0 22:53 4:20 0:27
Lars Eller 0 0 0 0 0 0 0 0 0 0 4/6 10:58 0:00 1:01
Logan O'Connor 0 0 0 0 0 3 0 0 0 0 0/0 9:00 0:00 1:01
Mark Stone 1 0 1 -1 0 3 2 1 1 0 0/2 23:02 3:20 0:00
Mikhail Sergachev 0 1 1 1 0 1 0 1 0 0 0/0 12:24 0:00 1:30
Nick Leddy 0 0 0 0 0 2 1 0 0 0 0/0 21:31 0:00 0:52
Robert Thomas 0 1 1 -1 2 2 1 0 2 0 22/32 23:37 3:54 0:00
Tage Thompson 0 1 1 1 0 2 0 0 0 0 0/0 16:58 3:20 0:00
Yanni Gourde 0 0 0 0 0 2 2 0 1 0 3/4 12:51 4:20 0:50
Players Stats for Los Angeles Kings
Player Name G A P +/- PIM S H SB GA TA FO MP PP MP PK MP
------------------------------------------------------------------------------------
Adam Fantilli 0 0 0 0 0 2 1 0 1 1 9/16 13:13 1:05 0:19
Alexander Romanov 0 0 0 1 0 1 0 3 0 1 0/0 21:00 0:14 3:42
Andrei Kuzmenko 0 0 0 0 0 4 0 0 0 1 0/0 16:28 1:05 3:33
Blake Wheeler 0 0 0 -1 0 4 1 1 2 0 0/0 16:38 0:47 3:00
Cooper Marody 0 0 0 -1 2 3 2 0 0 0 3/9 13:18 0:35 0:00
Erik Brannstrom 0 0 0 -1 0 2 0 1 0 0 0/0 18:32 0:25 1:00
Joshua Brown 0 0 0 -1 2 0 2 0 0 0 0/0 17:06 0:53 0:00
K'Andre Miller 0 0 0 0 2 0 3 1 0 1 0/0 20:37 1:16 2:32
Logan Cooley 0 0 0 0 0 3 1 1 0 1 7/15 17:34 0:00 3:08
Michael Eyssimont 0 0 0 -1 4 3 1 0 1 0 0/0 13:38 0:00 0:26
Noah Dobson 0 0 0 0 0 2 1 1 0 1 0/0 21:58 1:13 3:32
Owen Power 0 0 0 1 0 2 1 1 0 0 0/0 21:00 0:16 3:42
Peyton Krebs 0 0 0 0 0 0 1 1 0 0 0/0 14:31 0:00 0:26
Ruslan Iskhakov 1 0 1 1 0 7 1 0 0 0 2/14 12:19 0:19 0:00
Ryan Reaves 0 1 1 1 0 1 2 1 0 0 0/0 12:27 0:42 0:00
Seth Jarvis 0 0 0 0 0 3 0 1 2 0 1/4 17:41 0:00 3:36
Trent Frederic 0 0 0 0 0 3 1 1 0 0 0/3 12:48 1:05 0:00
Vitali Kravtsov 0 0 0 1 0 0 0 0 0 0 0/0 11:53 0:00 0:00
3 Stars
1 - Connor Hellebuyck (STL)
2 - Jake Guentzel (STL)
3 - Elias Pettersson (STL)
Power Play
St.Louis Blues - 2 on 5 Attempt(s) - 40.00%
Los Angeles Kings - 0 on 1 Attempt(s) - 0.00%
Penalty Kill
St.Louis Blues - 1 on 1 Attempt(s) - 100.00%
- Score 0 goal in Penalty Kill
Los Angeles Kings - 3 on 5 Attempt(s) - 60.00%
- Score 0 goal in Penalty Kill
Team Stat
St.Louis Blues - Hits : 13 - Faceoff Wins : 39 - Blocked Shots : 6 - Penalty Minutes : 2
Los Angeles Kings - Hits : 18 - Faceoff Wins : 22 - Blocked Shots : 13 - Penalty Minutes : 10
Official
Referees : Corey Syvret and Morgan Macphee
Linesman : Matt MacPherson
Game Notes
No Game Note
Finance
Level 1 -- Attendance: 4718 (78.63%) -- Ticket Income $471,800
Level 2 -- Attendance: 3889 (77.78%) -- Ticket Income $233,340
Level 3 -- Attendance: 2493 (83.10%) -- Ticket Income $87,255
Level 4 -- Attendance: 3773 (75.46%) -- Ticket Income $94,325
Luxury Box -- Attendance: 834 (83.40%) -- Ticket Income $166,800
Game was played at the Staples Center.
Total Attendance: 15707 (78.54%)
Total Ticket Income: $1,053,520
Other Income: $368,732
Total Income: $1,422,252
St.Louis Blues
5 vs 5 Forward
Center Left Wing Right Wing Time % Phy DF OF
1 Robert Thomas Elias Pettersson Mark Stone 40 0 2 3
2 Elias Lindholm Jake Guentzel Tage Thompson 30 0 2 3
3 Lars Eller Dakota Joshua Alex Tuch 20 1 2 2
4 Yanni Gourde Logan O'Connor Colin Blackwell 10 1 3 1
5 vs 5 Defense
Defense Defense Time % Phy DF OF
1 Colton Parayko Nick Leddy 45 1 2 2
2 Jake Sanderson Jaccob Slavin 35 1 2 2
3 Mikhail Sergachev Adam Pelech 20 1 2 2
4 Nick Leddy Colton Parayko 0 1 2 2
PowerPlay Forward
Center Left Wing Right Wing Time % Phy DF OF
1 Robert Thomas Elias Pettersson Jake Guentzel 60 1 0 4
2 Elias Lindholm Tage Thompson Mark Stone 40 1 0 4
PowerPlay Defense
Defense Defense Time % Phy DF OF
1 Yanni Gourde Jake Sanderson 60 0 1 4
2 Alex Tuch Colton Parayko 40 0 1 4
Penalty Kill 4 Players Forward
Center Wing Time % Phy DF OF
1 Lars Eller Logan O'Connor 50 1 4 0
2 Elias Lindholm Yanni Gourde 50 1 4 0
Penalty Kill 4 Players Defense
Defense Defense Time % Phy DF OF
1 Jake Sanderson Colton Parayko 50 1 4 0
2 Jaccob Slavin Nick Leddy 50 1 4 0
Penalty Kill - 3 Players Forward
Forward Time % Phy DF OF
1 Elias Lindholm 50 0 5 0
2 Lars Eller 50 0 5 0
Penalty Kill - 3 Players Defense
Defense Defense Time % Phy DF OF
1 Jake Sanderson Colton Parayko 50 0 5 0
2 Nick Leddy Jaccob Slavin 50 0 5 0
4 vs 4 Forward
Center Wing Time % Phy DF OF
1 Elias Lindholm Elias Pettersson 50 0 2 3
2 Robert Thomas Jake Guentzel 50 0 2 3
4 vs 4 Defense
Defense Defense Time % Phy DF OF
1 Jake Sanderson Colton Parayko 50 1 2 2
2 Nick Leddy Jaccob Slavin 50 1 2 2
Last Minutes Offensive
Center Left Wing Right Wing Defense Defense
Robert Thomas Elias Pettersson Jake Guentzel Tage Thompson Jake Sanderson
Last Minutes Defensive
Center Left Wing Right Wing Defense Defense
Lars Eller Logan O'Connor Elias Lindholm Nick Leddy Colton Parayko
Goaltenders
Starting : Connor Hellebuyck
Backup : Scott Wedgewood
Extra Forwards
Normal : Robert Thomas, Jake Guentzel, Tage Thompson - PP : Mark Stone, Dakota Joshua - PK : Robert Thomas
Extra Defensemen
Normal : Jake Sanderson, Jaccob Slavin, Mikhail Sergachev - PP : Mikhail Sergachev - PK : Jaccob Slavin, Colton Parayko
Penalty Shots
Elias Pettersson, Tage Thompson, Alex Tuch, Yanni Gourde, Jake Guentzel
Scratches
Jack Eichel (Healthy), Nico Sturm (Healthy), Alex Pietrangelo (Bruised Right Leg Injury)
Los Angeles Kings
5 vs 5 Forward
Center Left Wing Right Wing Time % Phy DF OF
1 Logan Cooley Peyton Krebs Seth Jarvis 25 1 2 2
2 Adam Fantilli Trent Frederic Andrei Kuzmenko 25 1 2 2
3 Cooper Marody Michael Eyssimont Blake Wheeler 25 1 2 2
4 Ruslan Iskhakov Vitali Kravtsov Ryan Reaves 25 1 2 2
5 vs 5 Defense
Defense Defense Time % Phy DF OF
1 Noah Dobson K'Andre Miller 35 1 2 2
2 Owen Power Alexander Romanov 35 1 2 2
3 Joshua Brown Erik Brannstrom 30 1 2 2
4 Noah Dobson K'Andre Miller 0 1 2 2
PowerPlay Forward
Center Left Wing Right Wing Time % Phy DF OF
1 Logan Cooley Peyton Krebs Seth Jarvis 50 1 2 2
2 Adam Fantilli Trent Frederic Andrei Kuzmenko 50 1 2 2
PowerPlay Defense
Defense Defense Time % Phy DF OF
1 Noah Dobson K'Andre Miller 50 1 2 2
2 Owen Power Alexander Romanov 50 1 2 2
Penalty Kill 4 Players Forward
Center Wing Time % Phy DF OF
1 Seth Jarvis Andrei Kuzmenko 50 1 2 2
2 Logan Cooley Blake Wheeler 50 1 2 2
Penalty Kill 4 Players Defense
Defense Defense Time % Phy DF OF
1 Noah Dobson K'Andre Miller 50 1 2 2
2 Owen Power Alexander Romanov 50 1 2 2
Penalty Kill - 3 Players Forward
Forward Time % Phy DF OF
1 Seth Jarvis 50 1 2 2
2 Andrei Kuzmenko 50 1 2 2
Penalty Kill - 3 Players Defense
Defense Defense Time % Phy DF OF
1 Noah Dobson K'Andre Miller 50 1 2 2
2 Owen Power Alexander Romanov 50 1 2 2
4 vs 4 Forward
Center Wing Time % Phy DF OF
1 Seth Jarvis Andrei Kuzmenko 50 1 2 2
2 Logan Cooley Blake Wheeler 50 1 2 2
4 vs 4 Defense
Defense Defense Time % Phy DF OF
1 Noah Dobson K'Andre Miller 50 1 2 2
2 Owen Power Alexander Romanov 50 1 2 2
Last Minutes Offensive
Center Left Wing Right Wing Defense Defense
Logan Cooley Andrei Kuzmenko Seth Jarvis Noah Dobson K'Andre Miller
Last Minutes Defensive
Center Left Wing Right Wing Defense Defense
Logan Cooley Andrei Kuzmenko Seth Jarvis Noah Dobson K'Andre Miller
Goaltenders
Starting : Andrei Vasilevskiy
Backup : Jonas Johansson
Extra Forwards
Normal : Ryan Reaves, Cooper Marody, Michael Eyssimont - PP : Ryan Reaves, Cooper Marody - PK : Michael Eyssimont
Extra Defensemen
Normal : Joshua Brown, Erik Brannstrom, Owen Power - PP : Joshua Brown - PK : Erik Brannstrom, Owen Power
Penalty Shots
Seth Jarvis, Andrei Kuzmenko, Logan Cooley, Blake Wheeler, Trent Frederic
Scratches
Andrei Svechnikov (Healthy), Nicklas Backstrom (Healthy), Jakub Zboril (Healthy)
% Time on Ice - St.Louis Blues
Lines # - Real PCT - Wanted PCT - Time Play
Normal Forward
1 - 38% - 40% - 19:29
2 - 27% - 30% - 13:39
3 - 20% - 20% - 10:06
4 - 15% - 10% - 7:33
Normal Defense
1 - 41% - 45% - 20:46
2 - 36% - 35% - 18:29
3 - 23% - 20% - 11:32
4 - 0% - 0% - 0:00
PP Forward
1 - 54% - 60% - 3:54
2 - 46% - 40% - 3:20
PP Defense
1 - 60% - 60% - 4:20
2 - 40% - 40% - 2:54
PK Forward
1 - 51% - 50% - 1:01
2 - 49% - 50% - 0:58
PK Defense
1 - 56% - 50% - 1:07
2 - 44% - 50% - 0:52
PK3 Forward
1 - 0% - 50%
2 - 0% - 50%
PK3 Defense
1 - 0% - 50%
2 - 0% - 50%
44 Forward
1 - 0% - 50%
2 - 0% - 50%
44 Defense
1 - 0% - 50%
2 - 0% - 50%
Last Minute Offensive - 0:00
Last Minute Defensive - 0:00
Total
Forward - 60:00
Defense - 60:00
|
% Time on Ice - Los Angeles Kings
Lines # - Real PCT - Wanted PCT - Time Play
Normal Forward
1 - 28% - 25% - 14:05
2 - 24% - 25% - 12:05
3 - 25% - 25% - 12:44
4 - 23% - 25% - 11:53
Normal Defense
1 - 34% - 35% - 17:01
2 - 34% - 35% - 17:04
3 - 32% - 30% - 16:30
4 - 0% - 0% - 0:12
PP Forward
1 - 0% - 50% - 0:00
2 - 100% - 50% - 1:59
PP Defense
1 - 66% - 50% - 1:19
2 - 34% - 50% - 0:40
PK Forward
1 - 50% - 50% - 3:36
2 - 50% - 50% - 3:38
PK Defense
1 - 49% - 50% - 3:32
2 - 51% - 50% - 3:42
PK3 Forward
1 - 0% - 50%
2 - 0% - 50%
PK3 Defense
1 - 0% - 50%
2 - 0% - 50%
44 Forward
1 - 0% - 50%
2 - 0% - 50%
44 Defense
1 - 0% - 50%
2 - 0% - 50%
Last Minute Offensive - 0:00
Last Minute Defensive - 0:00
Total
Forward - 60:00
Defense - 60:00
|
Play-by-Play
1st period
0:01 of 1st period - Logan Cooley wins face-off versus Robert Thomas in neutral zone.
0:31 of 1st period - Andrei Kuzmenko is hit by Jake Guentzel and loses puck.
0:48 of 1st period - Wrist shot by Blake Wheeler.
0:48 of 1st period - Shot Blocked by Jaccob Slavin.
3:13 of 1st period - Icing by Colton Parayko.
3:14 of 1st period - Adam Fantilli wins face-off versus Jake Guentzel in St.Louis Blues zone.
3:25 of 1st period - Snap shot by Jake Guentzel.
3:25 of 1st period - Shot Misses the Net.
3:27 of 1st period - Slapshot by Colton Parayko.
3:27 of 1st period - Shot Blocked by Ryan Reaves.
3:29 of 1st period - Slapshot by Colton Parayko.
3:29 of 1st period - Stopped by Andrei Vasilevskiy with a rebound.
3:31 of 1st period - Slapshot by Nick Leddy.
3:31 of 1st period - Shot Misses the Net.
3:39 of 1st period - Wrist shot by Elias Lindholm.
3:39 of 1st period - Shot Blocked by Alexander Romanov.
3:49 of 1st period - Snap shot by Elias Lindholm.
3:49 of 1st period - Stopped by Andrei Vasilevskiy without a rebound.
3:50 of 1st period - Robert Thomas wins face-off versus Cooper Marody in Los Angeles Kings zone.
3:59 of 1st period - Wrist shot by Robert Thomas.
3:59 of 1st period - Shot Blocked by Noah Dobson.
4:01 of 1st period - Slapshot by Jake Sanderson.
4:01 of 1st period - Stopped by Andrei Vasilevskiy without a rebound.
4:02 of 1st period - Adam Fantilli wins face-off versus Robert Thomas in Los Angeles Kings zone.
4:21 of 1st period - Icing by Elias Pettersson.
4:22 of 1st period - Cooper Marody wins face-off versus Mark Stone in St.Louis Blues zone.
4:39 of 1st period - Alexander Romanov is hit by Mark Stone and loses puck.
5:08 of 1st period - Jake Sanderson is hit by Cooper Marody and loses puck.
5:14 of 1st period - Off-side.
5:15 of 1st period - Lars Eller wins face-off versus Logan Cooley in neutral zone.
5:22 of 1st period - Wrist shot by Alex Tuch.
5:22 of 1st period - Shot Misses the Net.
5:24 of 1st period - Snap shot by Lars Eller.
5:24 of 1st period - Shot Blocked by Peyton Krebs.
5:26 of 1st period - Slapshot by Colton Parayko.
5:26 of 1st period - Shot Blocked by K'Andre Miller.
5:28 of 1st period - Slapshot by Dakota Joshua.
5:28 of 1st period - Shot Misses the Net.
5:30 of 1st period - Wrist shot by Dakota Joshua.
5:30 of 1st period - Shot Misses the Net.
5:50 of 1st period - Slapshot by Seth Jarvis.
5:50 of 1st period - Stopped by Connor Hellebuyck without a rebound.
5:51 of 1st period - Elias Lindholm wins face-off versus Trent Frederic in St.Louis Blues zone.
6:01 of 1st period - Nick Leddy is hit by Joshua Brown and loses puck.
6:24 of 1st period - Wrist shot by Lars Eller.
6:24 of 1st period - Shot Misses the Net.
6:37 of 1st period - Wrist shot by Michael Eyssimont.
6:37 of 1st period - Shot Blocked by Mark Stone.
6:39 of 1st period - Slapshot by Noah Dobson.
6:39 of 1st period - Stopped by Connor Hellebuyck without a rebound.
6:40 of 1st period - Cooper Marody wins face-off versus Robert Thomas in St.Louis Blues zone.
6:46 of 1st period - Wrist shot by Blake Wheeler.
6:46 of 1st period - Shot Misses the Net.
6:48 of 1st period - Slapshot by Noah Dobson.
6:48 of 1st period - Deflect By Mark Stone.
6:48 of 1st period - Stopped by Connor Hellebuyck without a rebound.
6:49 of 1st period - Adam Fantilli wins face-off versus Elias Lindholm in St.Louis Blues zone.
6:50 of 1st period - Snap shot by Andrei Kuzmenko.
6:50 of 1st period - Deflect By Adam Fantilli.
6:50 of 1st period - Shot Blocked by Colton Parayko.
6:50 of 1st period - Puck is out of play.
6:51 of 1st period - Adam Fantilli wins face-off versus Elias Lindholm in St.Louis Blues zone.
6:54 of 1st period - Wrist shot by Andrei Kuzmenko.
6:54 of 1st period - Shot Misses the Net.
7:28 of 1st period - Snap shot by Elias Pettersson.
7:28 of 1st period - Shot Blocked by Seth Jarvis.
7:46 of 1st period - Wrist shot by Ruslan Iskhakov.
7:46 of 1st period - Shot Misses the Net.
7:58 of 1st period - Snap shot by Dakota Joshua.
7:58 of 1st period - Stopped by Andrei Vasilevskiy with a rebound.
8:24 of 1st period - Snap shot by Blake Wheeler.
8:24 of 1st period - Stopped by Connor Hellebuyck without a rebound.
8:25 of 1st period - Robert Thomas wins face-off versus Adam Fantilli in St.Louis Blues zone.
8:34 of 1st period - Slapshot by Andrei Kuzmenko.
8:34 of 1st period - Shot Blocked by Jake Sanderson.
8:36 of 1st period - Snap shot by Alexander Romanov.
8:36 of 1st period - Stopped by Connor Hellebuyck with a rebound.
9:09 of 1st period - Snap shot by Logan Cooley.
9:09 of 1st period - Deflect By Dakota Joshua.
9:09 of 1st period - Shot Misses the Net.
9:09 of 1st period - Puck is out of play.
9:10 of 1st period - Logan Cooley wins face-off versus Alex Tuch in St.Louis Blues zone.
9:23 of 1st period - Wrist shot by Seth Jarvis.
9:23 of 1st period - Deflect By Logan Cooley.
9:23 of 1st period - Stopped by Connor Hellebuyck with a rebound.
9:35 of 1st period - Elias Pettersson is hit by Ryan Reaves and loses puck.
10:03 of 1st period - Snap shot by Andrei Kuzmenko.
10:03 of 1st period - Stopped by Connor Hellebuyck with a rebound.
10:05 of 1st period - Snap shot by Joshua Brown.
10:05 of 1st period - Deflect By Andrei Kuzmenko.
10:05 of 1st period - Shot Misses the Net.
10:05 of 1st period - Puck is out of play.
10:06 of 1st period - Elias Lindholm wins face-off versus Logan Cooley in St.Louis Blues zone.
10:11 of 1st period - Slapshot by Logan Cooley.
10:11 of 1st period - Shot Misses the Net.
10:44 of 1st period - Slapshot by Ruslan Iskhakov.
10:44 of 1st period - Stopped by Connor Hellebuyck with a rebound.
11:06 of 1st period - Slapshot by Mark Stone.
11:06 of 1st period - Stopped by Andrei Vasilevskiy with a rebound.
11:08 of 1st period - Wrist shot by Jaccob Slavin.
11:08 of 1st period - Stopped by Andrei Vasilevskiy without a rebound.
11:09 of 1st period - Elias Lindholm wins face-off versus Trent Frederic in Los Angeles Kings zone.
12:43 of 1st period - Backhand shot by Jake Guentzel.
12:43 of 1st period - Stopped by Andrei Vasilevskiy with a rebound.
12:45 of 1st period - Wrist shot by Tage Thompson.
12:45 of 1st period - Stopped by Andrei Vasilevskiy without a rebound.
12:46 of 1st period - Elias Lindholm wins face-off versus Adam Fantilli in Los Angeles Kings zone.
13:31 of 1st period - Icing by Jake Sanderson.
13:32 of 1st period - Logan Cooley wins face-off versus Elias Lindholm in St.Louis Blues zone.
13:41 of 1st period - Wrist shot by Ruslan Iskhakov.
13:41 of 1st period - Stopped by Connor Hellebuyck with a rebound.
13:53 of 1st period - Wrist shot by Logan Cooley.
13:53 of 1st period - Deflect By Seth Jarvis.
13:53 of 1st period - Shot Blocked by Jaccob Slavin.
13:53 of 1st period - Puck is out of play.
13:54 of 1st period - Robert Thomas wins face-off versus Logan Cooley in St.Louis Blues zone.
13:54 of 1st period - Robert Thomas is hit by Noah Dobson.
14:02 of 1st period - Wrist shot by Mark Stone.
14:02 of 1st period - Shot Misses the Net.
14:10 of 1st period - Snap shot by Seth Jarvis.
14:10 of 1st period - Stopped by Connor Hellebuyck with a rebound.
14:27 of 1st period - Wrist shot by Adam Fantilli.
14:27 of 1st period - Stopped by Connor Hellebuyck without a rebound.
14:28 of 1st period - Lars Eller wins face-off versus Ruslan Iskhakov in St.Louis Blues zone.
14:56 of 1st period - Slapshot by Blake Wheeler.
14:56 of 1st period - Stopped by Connor Hellebuyck with a rebound.
14:58 of 1st period - Slapshot by Erik Brannstrom.
14:58 of 1st period - Shot Misses the Net.
15:00 of 1st period - Slapshot by Blake Wheeler.
15:00 of 1st period - Stopped by Connor Hellebuyck with a rebound.
15:02 of 1st period - Snap shot by Michael Eyssimont.
15:02 of 1st period - Stopped by Connor Hellebuyck without a rebound.
15:03 of 1st period - Robert Thomas wins face-off versus Adam Fantilli in St.Louis Blues zone.
15:08 of 1st period - Adam Fantilli is hit by Nick Leddy and loses puck.
16:38 of 1st period - Wrist shot by Adam Fantilli.
16:38 of 1st period - Deflect By Trent Frederic.
16:38 of 1st period - Stopped by Connor Hellebuyck without a rebound.
16:39 of 1st period - Robert Thomas wins face-off versus Logan Cooley in St.Louis Blues zone.
16:39 of 1st period - Robert Thomas is hit by Peyton Krebs.
16:47 of 1st period - Snap shot by Robert Thomas.
16:47 of 1st period - Shot Blocked by Logan Cooley.
17:39 of 1st period - Wrist shot by Seth Jarvis.
17:39 of 1st period - Stopped by Connor Hellebuyck with a rebound.
17:41 of 1st period - Slapshot by K'Andre Miller.
17:41 of 1st period - Deflect By Seth Jarvis.
17:41 of 1st period - Shot Misses the Net.
17:41 of 1st period - Puck is out of play.
17:42 of 1st period - Robert Thomas wins face-off versus Adam Fantilli in St.Louis Blues zone.
17:58 of 1st period - Snap shot by Mark Stone.
17:58 of 1st period - Stopped by Andrei Vasilevskiy without a rebound.
17:59 of 1st period - Lars Eller wins face-off versus Cooper Marody in Los Angeles Kings zone.
18:26 of 1st period - Colton Parayko is hit by Joshua Brown and loses puck.
18:47 of 1st period - Wrist shot by Andrei Kuzmenko.
18:47 of 1st period - Shot Misses the Net.
18:49 of 1st period - Slapshot by Erik Brannstrom.
18:49 of 1st period - Deflect By Trent Frederic.
18:49 of 1st period - Stopped by Connor Hellebuyck without a rebound.
18:50 of 1st period - Adam Fantilli wins face-off versus Lars Eller in St.Louis Blues zone.
18:59 of 1st period - Andrei Kuzmenko is hit by Dakota Joshua and loses puck.
19:14 of 1st period - Colton Parayko is hit by Trent Frederic.
19:24 of 1st period - Snap shot by Dakota Joshua.
19:24 of 1st period - Deflect By Alex Tuch.
19:24 of 1st period - Stopped by Andrei Vasilevskiy without a rebound.
19:25 of 1st period - Robert Thomas wins face-off versus Cooper Marody in Los Angeles Kings zone.
19:59 of 1st period - Wrist shot by Ruslan Iskhakov.
19:59 of 1st period - Shot Misses the Net.
Goals for this period are 0 for St.Louis Blues vs 0 for Los Angeles Kings.
Shots for this period are 10 for St.Louis Blues vs 17 for Los Angeles Kings.
2nd period
0:01 of 2nd period - Robert Thomas wins face-off versus Ruslan Iskhakov in neutral zone.
0:32 of 2nd period - Snap shot by Jake Guentzel.
0:32 of 2nd period - Stopped by Andrei Vasilevskiy without a rebound.
0:33 of 2nd period - Yanni Gourde wins face-off versus Cooper Marody in Los Angeles Kings zone.
0:34 of 2nd period - Snap shot by Colin Blackwell.
0:34 of 2nd period - Stopped by Andrei Vasilevskiy with a rebound.
0:44 of 2nd period - Snap shot by Michael Eyssimont.
0:44 of 2nd period - Stopped by Connor Hellebuyck with a rebound.
0:46 of 2nd period - Slapshot by Joshua Brown.
0:46 of 2nd period - Shot Misses the Net.
0:48 of 2nd period - Snap shot by Cooper Marody.
0:48 of 2nd period - Stopped by Connor Hellebuyck with a rebound.
1:00 of 2nd period - Backhand shot by Logan Cooley.
1:00 of 2nd period - Stopped by Connor Hellebuyck with a rebound.
1:16 of 2nd period - Slapshot by Yanni Gourde.
1:16 of 2nd period - Stopped by Andrei Vasilevskiy without a rebound.
1:17 of 2nd period - Robert Thomas wins face-off versus Adam Fantilli in Los Angeles Kings zone.
1:36 of 2nd period - Adam Fantilli is hit by Elias Pettersson.
1:46 of 2nd period - Snap shot by Ryan Reaves.
1:46 of 2nd period - Stopped by Connor Hellebuyck without a rebound.
1:47 of 2nd period - Elias Lindholm wins face-off versus Ruslan Iskhakov in St.Louis Blues zone.
2:39 of 2nd period - Snap shot by Yanni Gourde.
2:39 of 2nd period - Stopped by Andrei Vasilevskiy without a rebound.
2:40 of 2nd period - Yanni Gourde wins face-off versus Logan Cooley in Los Angeles Kings zone.
2:41 of 2nd period - Snap shot by Logan O'Connor.
2:41 of 2nd period - Stopped by Andrei Vasilevskiy without a rebound.
2:42 of 2nd period - Robert Thomas wins face-off versus Ruslan Iskhakov in Los Angeles Kings zone.
2:43 of 2nd period - Snap shot by Elias Pettersson.
2:43 of 2nd period - Stopped by Andrei Vasilevskiy without a rebound.
2:44 of 2nd period - Robert Thomas wins face-off versus Ruslan Iskhakov in Los Angeles Kings zone.
3:10 of 2nd period - Off-side.
3:11 of 2nd period - Elias Lindholm wins face-off versus Logan Cooley in neutral zone.
3:36 of 2nd period - Jake Guentzel is hit by Cooper Marody and loses puck.
3:54 of 2nd period - Minor Penalty to Michael Eyssimont for Interference.
3:55 of 2nd period - Robert Thomas wins face-off versus Seth Jarvis in Los Angeles Kings zone.
4:01 of 2nd period - Slapshot by Elias Pettersson.
4:01 of 2nd period - Goal by Elias Pettersson - St.Louis Blues : 1 - Los Angeles Kings : 0.
4:02 of 2nd period - Robert Thomas wins face-off versus Trent Frederic in neutral zone.
4:11 of 2nd period - Wrist shot by Andrei Kuzmenko.
4:11 of 2nd period - Stopped by Connor Hellebuyck with a rebound.
4:51 of 2nd period - Snap shot by Alex Tuch.
4:51 of 2nd period - Shot Misses the Net.
4:53 of 2nd period - Snap shot by Jake Guentzel.
4:53 of 2nd period - Shot Hit the Post.
4:55 of 2nd period - Backhand shot by Nick Leddy.
4:55 of 2nd period - Stopped by Andrei Vasilevskiy with a rebound.
4:57 of 2nd period - Wrist shot by Jake Guentzel.
4:57 of 2nd period - Shot Misses the Net.
5:13 of 2nd period - Andrei Kuzmenko is hit by Adam Pelech and loses puck.
5:35 of 2nd period - Icing by Noah Dobson.
5:36 of 2nd period - Adam Fantilli wins face-off versus Robert Thomas in Los Angeles Kings zone.
5:43 of 2nd period - Snap shot by Trent Frederic.
5:43 of 2nd period - Stopped by Connor Hellebuyck without a rebound.
5:44 of 2nd period - Ruslan Iskhakov wins face-off versus Robert Thomas in St.Louis Blues zone.
5:47 of 2nd period - Snap shot by Ruslan Iskhakov.
5:47 of 2nd period - Goal by Ruslan Iskhakov - St.Louis Blues : 1 - Los Angeles Kings : 1.
5:48 of 2nd period - Robert Thomas wins face-off versus Ruslan Iskhakov in neutral zone.
5:51 of 2nd period - Slapshot by Jake Sanderson.
5:51 of 2nd period - Deflect By Ruslan Iskhakov.
5:51 of 2nd period - Stopped by Andrei Vasilevskiy with a rebound.
5:54 of 2nd period - Icing by Alexander Romanov.
5:55 of 2nd period - Robert Thomas wins face-off versus Ruslan Iskhakov in Los Angeles Kings zone.
6:02 of 2nd period - Snap shot by Ruslan Iskhakov.
6:02 of 2nd period - Deflect By Elias Pettersson.
6:02 of 2nd period - Stopped by Connor Hellebuyck with a rebound.
6:04 of 2nd period - Snap shot by Alexander Romanov.
6:04 of 2nd period - Shot Hit the Post.
6:06 of 2nd period - Slapshot by Owen Power.
6:06 of 2nd period - Stopped by Connor Hellebuyck with a rebound.
6:08 of 2nd period - Wrist shot by Ruslan Iskhakov.
6:08 of 2nd period - Stopped by Connor Hellebuyck with a rebound.
6:46 of 2nd period - Slapshot by Logan O'Connor.
6:46 of 2nd period - Stopped by Andrei Vasilevskiy with a rebound.
6:48 of 2nd period - Snap shot by Logan O'Connor.
6:48 of 2nd period - Shot Misses the Net.
7:10 of 2nd period - Snap shot by Yanni Gourde.
7:10 of 2nd period - Shot Misses the Net.
7:12 of 2nd period - Snap shot by Yanni Gourde.
7:12 of 2nd period - Shot Misses the Net.
7:14 of 2nd period - Wrist shot by Logan O'Connor.
7:14 of 2nd period - Shot Misses the Net.
7:16 of 2nd period - Wrist shot by Yanni Gourde.
7:16 of 2nd period - Shot Blocked by Alexander Romanov.
7:18 of 2nd period - Slapshot by Logan O'Connor.
7:18 of 2nd period - Stopped by Andrei Vasilevskiy without a rebound.
7:19 of 2nd period - Cooper Marody wins face-off versus Robert Thomas in Los Angeles Kings zone.
7:19 of 2nd period - Cooper Marody is hit by Elias Pettersson.
7:45 of 2nd period - Mikhail Sergachev is hit by Ryan Reaves and loses puck.
8:59 of 2nd period - Minor Penalty to Cooper Marody for Delaying the game.
9:00 of 2nd period - Logan Cooley wins face-off versus Robert Thomas in Los Angeles Kings zone.
9:32 of 2nd period - Slapshot by Jake Sanderson.
9:32 of 2nd period - Shot Blocked by Owen Power.
9:34 of 2nd period - Snap shot by Jake Sanderson.
9:34 of 2nd period - Stopped by Andrei Vasilevskiy without a rebound.
9:35 of 2nd period - Jake Guentzel wins face-off versus Logan Cooley in Los Angeles Kings zone.
10:07 of 2nd period - Wrist shot by Tage Thompson.
10:07 of 2nd period - Stopped by Andrei Vasilevskiy with a rebound.
10:09 of 2nd period - Slapshot by Alex Tuch.
10:09 of 2nd period - Deflect By Mark Stone.
10:09 of 2nd period - Goal by Mark Stone - St.Louis Blues : 2 - Los Angeles Kings : 1.
10:10 of 2nd period - Robert Thomas wins face-off versus Ruslan Iskhakov in neutral zone.
10:54 of 2nd period - Minor Penalty to Michael Eyssimont for Tripping.
10:55 of 2nd period - Robert Thomas wins face-off versus Seth Jarvis in Los Angeles Kings zone.
11:22 of 2nd period - Owen Power is hit by Mark Stone and loses puck.
12:08 of 2nd period - Tage Thompson is hit by K'Andre Miller and loses puck.
12:52 of 2nd period - Icing by Mark Stone.
12:53 of 2nd period - Elias Lindholm wins face-off versus Logan Cooley in St.Louis Blues zone.
12:54 of 2nd period - Penalty to Michael Eyssimont is over, Michael Eyssimont is back on ice.
13:30 of 2nd period - Slapshot by Andrei Kuzmenko.
13:30 of 2nd period - Shot Misses the Net.
13:32 of 2nd period - Slapshot by Owen Power.
13:32 of 2nd period - Stopped by Connor Hellebuyck with a rebound.
13:34 of 2nd period - Wrist shot by Adam Fantilli.
13:34 of 2nd period - Stopped by Connor Hellebuyck with a rebound.
13:36 of 2nd period - Slapshot by Andrei Kuzmenko.
13:36 of 2nd period - Stopped by Connor Hellebuyck without a rebound.
13:37 of 2nd period - Logan Cooley wins face-off versus Robert Thomas in St.Louis Blues zone.
13:42 of 2nd period - Wrist shot by Seth Jarvis.
13:42 of 2nd period - Shot Misses the Net.
13:44 of 2nd period - Slapshot by Logan Cooley.
13:44 of 2nd period - Shot Misses the Net.
13:46 of 2nd period - Snap shot by Logan Cooley.
13:46 of 2nd period - Shot Misses the Net.
13:48 of 2nd period - Slapshot by Logan Cooley.
13:48 of 2nd period - Stopped by Connor Hellebuyck with a rebound.
13:50 of 2nd period - Slapshot by Erik Brannstrom.
13:50 of 2nd period - Stopped by Connor Hellebuyck with a rebound.
13:52 of 2nd period - Slapshot by Erik Brannstrom.
13:52 of 2nd period - Stopped by Connor Hellebuyck with a rebound.
14:22 of 2nd period - Minor Penalty to Joshua Brown for High sticking.
14:23 of 2nd period - Robert Thomas wins face-off versus Seth Jarvis in Los Angeles Kings zone.
14:54 of 2nd period - Slapshot by Jake Sanderson.
14:54 of 2nd period - Shot Blocked by Blake Wheeler.
14:56 of 2nd period - Snap shot by Jake Sanderson.
14:56 of 2nd period - Stopped by Andrei Vasilevskiy with a rebound.
16:22 of 2nd period - Penalty to Joshua Brown is over, Joshua Brown is back on ice.
16:32 of 2nd period - Snap shot by Ruslan Iskhakov.
16:32 of 2nd period - Stopped by Connor Hellebuyck with a rebound.
17:08 of 2nd period - Wrist shot by Ruslan Iskhakov.
17:08 of 2nd period - Stopped by Connor Hellebuyck with a rebound.
17:34 of 2nd period - Jake Sanderson is hit by K'Andre Miller and loses puck.
17:43 of 2nd period - Minor Penalty to K'Andre Miller for Tripping.
17:44 of 2nd period - Seth Jarvis wins face-off versus Mark Stone in Los Angeles Kings zone.
18:01 of 2nd period - Wrist shot by Elias Lindholm.
18:01 of 2nd period - Shot Misses the Net.
19:23 of 2nd period - Owen Power is hit by Yanni Gourde and loses puck.
19:43 of 2nd period - Penalty to K'Andre Miller is over, K'Andre Miller is back on ice.
Goals for this period are 2 for St.Louis Blues vs 1 for Los Angeles Kings.
Shots for this period are 15 for St.Louis Blues vs 18 for Los Angeles Kings.
3rd period
0:01 of 3rd period - Logan Cooley wins face-off versus Robert Thomas in neutral zone.
0:59 of 3rd period - Snap shot by Lars Eller.
0:59 of 3rd period - Deflect By Alex Tuch.
0:59 of 3rd period - Shot Misses the Net.
0:59 of 3rd period - Puck is out of play.
1:00 of 3rd period - Logan Cooley wins face-off versus Robert Thomas in Los Angeles Kings zone.
1:13 of 3rd period - Peyton Krebs is hit by Elias Pettersson and loses puck.
1:30 of 3rd period - Jake Sanderson is hit by Logan Cooley and loses puck.
2:58 of 3rd period - Minor Penalty to Robert Thomas for Roughing.
2:59 of 3rd period - Adam Fantilli wins face-off versus Lars Eller in St.Louis Blues zone.
3:05 of 3rd period - Snap shot by Andrei Kuzmenko.
3:05 of 3rd period - Deflect By Logan O'Connor.
3:05 of 3rd period - Stopped by Connor Hellebuyck with a rebound.
3:07 of 3rd period - Snap shot by Andrei Kuzmenko.
3:07 of 3rd period - Shot Blocked by Mikhail Sergachev.
3:25 of 3rd period - Noah Dobson is hit by Yanni Gourde and loses puck.
4:14 of 3rd period - Logan O'Connor is hit by Owen Power and loses puck.
4:58 of 3rd period - Penalty to Robert Thomas is over, Robert Thomas is back on ice.
5:15 of 3rd period - Jake Guentzel is hit by Michael Eyssimont and loses puck.
7:04 of 3rd period - Off-side.
7:05 of 3rd period - Ruslan Iskhakov wins face-off versus Yanni Gourde in neutral zone.
7:30 of 3rd period - Elias Lindholm is hit by Adam Fantilli and loses puck.
8:11 of 3rd period - Wrist shot by Alex Tuch.
8:11 of 3rd period - Deflect By Alexander Romanov.
8:11 of 3rd period - Shot Misses the Net.
8:11 of 3rd period - Puck is out of play.
8:12 of 3rd period - Adam Fantilli wins face-off versus Elias Lindholm in Los Angeles Kings zone.
8:44 of 3rd period - Snap shot by Blake Wheeler.
8:44 of 3rd period - Shot Misses the Net.
9:10 of 3rd period - Snap shot by Cooper Marody.
9:10 of 3rd period - Stopped by Connor Hellebuyck with a rebound.
9:12 of 3rd period - Backhand shot by Joshua Brown.
9:12 of 3rd period - Deflect By Blake Wheeler.
9:12 of 3rd period - Stopped by Connor Hellebuyck with a rebound.
9:14 of 3rd period - Snap shot by Joshua Brown.
9:14 of 3rd period - Shot Misses the Net.
9:16 of 3rd period - Snap shot by Cooper Marody.
9:16 of 3rd period - Stopped by Connor Hellebuyck without a rebound.
9:17 of 3rd period - Robert Thomas wins face-off versus Ruslan Iskhakov in St.Louis Blues zone.
9:27 of 3rd period - Wrist shot by Elias Pettersson.
9:27 of 3rd period - Deflect By Robert Thomas.
9:27 of 3rd period - Shot Blocked by Alexander Romanov.
9:27 of 3rd period - Puck is out of play.
9:28 of 3rd period - Robert Thomas wins face-off versus Adam Fantilli in Los Angeles Kings zone.
9:38 of 3rd period - Slapshot by Mark Stone.
9:38 of 3rd period - Shot Blocked by Trent Frederic.
10:56 of 3rd period - Icing by Adam Fantilli.
10:57 of 3rd period - Yanni Gourde wins face-off versus Adam Fantilli in Los Angeles Kings zone.
11:08 of 3rd period - Snap shot by Yanni Gourde.
11:08 of 3rd period - Shot Misses the Net.
11:41 of 3rd period - Wrist shot by Colin Blackwell.
11:41 of 3rd period - Stopped by Andrei Vasilevskiy without a rebound.
11:42 of 3rd period - Elias Pettersson wins face-off versus Ruslan Iskhakov in Los Angeles Kings zone.
11:57 of 3rd period - Snap shot by Elias Pettersson.
11:57 of 3rd period - Stopped by Andrei Vasilevskiy with a rebound.
11:59 of 3rd period - Wrist shot by Elias Pettersson.
11:59 of 3rd period - Shot Misses the Net.
12:20 of 3rd period - Icing by Noah Dobson.
12:21 of 3rd period - Robert Thomas wins face-off versus Cooper Marody in Los Angeles Kings zone.
12:24 of 3rd period - Snap shot by Robert Thomas.
12:24 of 3rd period - Stopped by Andrei Vasilevskiy with a rebound.
12:37 of 3rd period - Snap shot by Michael Eyssimont.
12:37 of 3rd period - Shot Misses the Net.
12:39 of 3rd period - Snap shot by Michael Eyssimont.
12:39 of 3rd period - Stopped by Connor Hellebuyck without a rebound.
12:40 of 3rd period - Elias Lindholm wins face-off versus Ruslan Iskhakov in St.Louis Blues zone.
13:14 of 3rd period - Snap shot by Colton Parayko.
13:14 of 3rd period - Stopped by Andrei Vasilevskiy with a rebound.
13:16 of 3rd period - Slapshot by Nick Leddy.
13:16 of 3rd period - Stopped by Andrei Vasilevskiy without a rebound.
13:17 of 3rd period - Adam Fantilli wins face-off versus Elias Lindholm in Los Angeles Kings zone.
13:28 of 3rd period - Snap shot by Tage Thompson.
13:28 of 3rd period - Shot Misses the Net.
13:47 of 3rd period - Snap shot by Mikhail Sergachev.
13:47 of 3rd period - Stopped by Andrei Vasilevskiy without a rebound.
13:48 of 3rd period - Robert Thomas wins face-off versus Cooper Marody in Los Angeles Kings zone.
13:49 of 3rd period - Slapshot by Elias Pettersson.
13:49 of 3rd period - Stopped by Andrei Vasilevskiy with a rebound.
13:55 of 3rd period - Wrist shot by Robert Thomas.
13:55 of 3rd period - Stopped by Andrei Vasilevskiy with a rebound.
14:19 of 3rd period - Slapshot by Lars Eller.
14:19 of 3rd period - Shot Hit the Post.
16:06 of 3rd period - Jaccob Slavin is hit by K'Andre Miller and loses puck.
16:44 of 3rd period - Wrist shot by Jake Sanderson.
16:44 of 3rd period - Shot Misses the Net.
16:50 of 3rd period - Mikhail Sergachev is hit by Ruslan Iskhakov and loses puck.
17:20 of 3rd period - Tage Thompson is hit by Blake Wheeler and loses puck.
17:32 of 3rd period - Backhand shot by Jake Guentzel.
17:32 of 3rd period - Goal by Jake Guentzel - St.Louis Blues : 3 - Los Angeles Kings : 1.
17:33 of 3rd period - Lars Eller wins face-off versus Ruslan Iskhakov in neutral zone.
18:18 of 3rd period - Joshua Brown is hit by Jake Sanderson and loses puck.
19:01 of 3rd period - Joshua Brown is hit by Robert Thomas and loses puck.
19:21 of 3rd period - Wrist shot by Logan Cooley.
19:21 of 3rd period - Shot Misses the Net.
19:35 of 3rd period - Wrist shot by Mark Stone.
19:35 of 3rd period - Shot Blocked by Erik Brannstrom.
Goals for this period are 1 for St.Louis Blues vs 0 for Los Angeles Kings.
Shots for this period are 9 for St.Louis Blues vs 5 for Los Angeles Kings.
Back to the Top